 Dungeon Crawl Stone Soup version 0.26-a0-1021-gda264ca44c (webtiles) character file.

Game seed: 10904018085399719971

302 sahdkjhfkaj the Chopper (level 6, 0/84 HPs)
             Began as a Minotaur Berserker on Dec 9, 2020.
             Was a Believer of Trog.
             Slain by an orc wizard
             ... wielding a +0 dagger
              (3 damage)
             ... on level 3 of the Dungeon.
             The game lasted 00:03:18 (2085 turns).

sahdkjhfkaj the Chopper (Minotaur Berserker)        Turns: 2085, Time: 00:03:18

Health: 0/84       AC:  9    Str: 23    XL:     6   Next: 14%
Magic:  5/5        EV:  9    Int:  4    God:    Trog [**....]
Gold:   138        SH:  0    Dex: 10    Spells: 5/5 levels left

rFire    . . .     SeeInvis .   a - +0 hand axe
rCold    . . .     Faith    .   (no shield)
rNeg     . . .     Spirit   .   i - +0 chain mail
rPois    .         Reflect  .   (helmet restricted)
rElec    .         Harm     .   (no cloak)
rCorr    .         Rampage  .   (no gloves)
Will     ++...                  (no boots)
Stlth    ..........             (no amulet)
HPRegen  1.24/turn              (no ring)
MPRegen  0.09/turn              (no ring)

@: berserking, regenerating, very quick
A: retaliatory headbutt, horns 2
a: Berserk, Trog's Hand, Renounce Religion


You were on level 3 of the Dungeon.
You worshipped Trog.
Trog was pleased with you.
You visited 1 branch of the dungeon, and saw 4 of its levels.

You collected 138 gold pieces.

Inventory:

Hand Weapons
 a - a +0 hand axe (weapon)
Armour
 i - a +0 chain mail (worn)
Scrolls
 b - a scroll of remove curse
 c - a scroll of fear
 g - a scroll of blinking
 j - a scroll of identify
Potions
 d - 2 potions of cancellation
 e - a potion of heal wounds {unknown}


   Skills:
 - Level 5.0 Fighting
 - Level 6.0 Axes
 - Level 4.0 Armour
 + Level 3.7 Dodging


You had 5 spell levels left.
You didn't know any spells.
Your spell library was empty.

Dungeon Overview and Level Annotations

Branches:
Dungeon (4/15)
 Temple: D:4-7

Altars:
Wu Jian
Xom


Innate Abilities, Weirdness & Mutations

You reflexively headbutt those who attack you in melee.
You have a pair of horns on your head.


Message History

The puff of flame hits you.
* * * LOW HITPOINT WARNING * * *
The rat bites you but does no damage.
Training target 6.0 for Axes reached!
Your Axes skill increases to level 6!
You need to enable at least one skill for training.
Training target 5.0 for Fighting reached!
Your Fighting skill increases to level 5!
You need to enable at least one skill for training.
You have reached level 6!
Your experience leads to an increase in your attributes!
Increase (S)trength, (I)ntelligence, or (D)exterity?
You feel stronger.
You slash the rat!
You kill the rat!
Trog accepts your kill.
A goblin comes into view. It is wielding a +0 dagger.
The goblin shouts!
You hear a shout!
The orc wizard hits you with a +0 dagger.
You die...

##.....####..#...
g.....##...#..###...#
#.
.........#.#.##...#.#
#. .......##..#.#..#
.. #.
...o..###..#...## #
....o...........##
#.#
.....o...........##
#..
......o...........#
#..
......g@..........#
#..
###....[.)........#
##.
###.....†.........#
#.
..................#
#.
.................##
#. ....#.....#.....##
## .......########..#
# ....### #.. .?..


You could see 2 orc wizards, 2 orcs and 2 goblins.

Vanquished Creatures
  Sigmund (D:3)
  An orc wizard (D:3)
  A worker ant (D:4)
  2 adders
  An ooze (D:3)
  An adder skeleton (D:4)
  3 worms
  2 leopard geckos
  6 orcs (D:3)
  A giant cockroach (D:3)
  8 goblins
  5 hobgoblins
  8 jackals
  4 kobolds
  4 bats (D:1)
  4 frilled lizards
  6 rats
58 creatures vanquished.

Notes
Turn   | Place    | Note
-------+----------+-------------------------------------------
     0 | D:1      | sahdkjhfkaj the Minotaur Berserker began the quest for the
                  | Orb.
     0 | D:1      | Reached XP level 1. HP: 19/19 MP: 0/0
    37 | D:1      | Reached skill level 4 in Axes
   254 | D:1      | Reached XP level 2. HP: 26/27 MP: 1/1
   623 | D:1      | Reached XP level 3. HP: 32/33 MP: 2/2
   624 | D:1      | Reached ** piety under Trog
  1369 | D:2      | Found a shimmering altar of Xom.
  1370 | D:2      | Found an ornate altar of the Wu Jian Council.
  1675 | D:2      | Reached skill level 5 in Axes
  1885 | D:3      | Reached XP level 4. HP: 40/40 MP: 3/3
  1971 | D:3      | You fall into a shaft and drop 1 floor!
  2040 | D:3      | Reached XP level 5. HP: 46/46 MP: 4/4
  2055 | D:3      | Noticed Sigmund
  2083 | D:3      | Killed Sigmund
  2083 | D:3      | HP: 1/69 [orc wizard/puff of flame (6)]
  2084 | D:3      | Reached skill level 6 in Axes
  2084 | D:3      | Reached skill level 5 in Fighting
  2084 | D:3      | Reached XP level 6. HP: 2/56 MP: 5/5
  2085 | D:3      | Slain by an orc wizard

Illustrated notes

Levels and vault maps discovered:
D:1:      dpeg_arrival_morbid_curiosity, layout_basic
D:2:      layout_basic, gammafunk_temple_overflow_pools, serial_glass,
          glass_columns_c, glass_columns_b, glass_columns_a, glass_columns_a,
          glass_columns_b, glass_columns_a, glass_columns_a, glass_columns_c,
          glass_columns_c, glass_columns_b, glass_columns_a, glass_columns_b,
          glass_columns_a, glass_columns_b, feat_on_display,
          minmay_strange_pillars, item_on_display_a, minmay_strange_pillars
D:3:      layout_rooms, minmay_crystal_water, uniq_robin, uniq_sigmund
D:4:      layout_basic, general_overflow_altar, minmay_goblin_kobold_house,
          uniq_grinder

Skill      XL: |  1  2  3  4  5 |
---------------+----------------+-----
Axes           | 4 5 6 |  6.0
Fighting       | 4 5 |  5.0
Armour         | 3 4 |  4.0
Dodging        | 3 |  3.7

Action                   |  1- 3 |  4- 6 || total
-------------------------+-------+-------++-------
Melee: Hand axe          |    91 |    43 ||   134
       Headbutt          |    17 |     5 ||    22
Invok: Berserk           |       |     1 ||     1
       Trog's Hand       |       |     1 ||     1
  Use: Scroll            |     6 |     3 ||     9
       Potion            |       |     1 ||     1
Armor: Animal skin       |     8 |       ||     8
       Chain mail        |    17 |    24 ||    41
Dodge: Dodged            |    54 |    29 ||    83

Table legend: (Time is in decaauts)
 A = Elapsed time spent in this place.
 B = Non-inter-level travel time spent in this place.
 C = Inter-level travel time spent in this place.
 D = Time resting spent in this place.
 E = Time spent auto-exploring this place.
 F = Levels seen in this place.
 G = Mean time per level.
                   A        B        C        D        E       F      G
               +--------+--------+--------+--------+--------+-----+--------+
         Total |   2092 |   2030 |     62 |      0 |   1667 |   4 |  523.0 |
       Dungeon |   2092 |   2030 |     62 |      0 |   1667 |   4 |  523.0 |
               +--------+--------+--------+--------+--------+-----+--------+

Top non-repeatable levels by time:
     D:1: 1068 daAuts
     D:2: 748 daAuts
     D:3: 213 daAuts
     D:4: 61 daAuts
